 Dungeon Crawl Stone Soup version 0.23-a0-844-gdc03e01 (console) character file.

26 bli the Ducker (level 3, -3/30 HPs)
             Began as a Merfolk Monk on Jan 26, 2019.
             Slain by a centaur
             ... wielding a +0 dagger of draining
              (7 damage)
             ... on level 2 of the Dungeon.
             The game lasted 00:02:54 (1053 turns).

bli the Ducker (Merfolk Monk)                       Turns: 1053, Time: 00:02:55

Health: -3/30      AC:  2    Str: 11    XL:     3   Next: 8%
Magic:  3/3        EV: 14    Int:  9    God:
Gold:   50         SH:  0    Dex: 17    Spells: 2/2 levels left

rFire    . . .     SeeInvis .   a - +0 falchion
rCold    . . .     Gourm    .   (no shield)
rNeg     . . .     Faith    .   b - +0 robe
rPois    .         Spirit   .   (no helmet)
rElec    .         Reflect  .   (no cloak)
rCorr    .         Harm     .   (no gloves)
MR       +....     Rnd*Tele +   (no boots)
Stlth    ++........             (no amulet)
HPRegen  0.10/turn              l - ring of teleportation (curse)
MPRegen  0.08/turn              d - ring of protection from magic

@: drained
A: change form in water, swift swim, stealthy swim
a: no special abilities


You were on level 2 of the Dungeon.
You were hungry.

You visited 1 branch of the dungeon, and saw 2 of its levels.

You collected 50 gold pieces.

Inventory:

Hand Weapons
 a - a +0 falchion (weapon)
Missiles
 k - 32 stones (quivered)
Armour
 b - a +0 robe (worn)
 g - a +0 leather armour
Jewellery
 d - a ring of protection from magic (right hand)
 l - a cursed ring of teleportation (left hand)
Scrolls
 e - 3 scrolls of identify {unknown}
 i - 3 scrolls of remove curse {unknown}
 j - a scroll of teleportation {unknown}
Potions
 f - a potion of magic {unknown}
 h - a potion of degeneration {unknown}
Comestibles
 c - 3 rations


   Skills:
 * Level 3.8(2.7) Fighting
 * Level 3.9(2.9) Long Blades
 + Level 4.2(3.2) Dodging
 - Level 2.1(1.1) Stealth


You had 2 spell levels left.
You didn't know any spells.
Your spell library was empty.

Dungeon Overview and Level Annotations

Branches:
Dungeon (2/15)

Altars:


Message History

Your surroundings suddenly seem different.
A centaur comes into view. It is wielding a +0 dagger of draining.
The centaur shouts!
The worm moves out of view.
The centaur hits you with a +0 dagger of draining.
You feel drained.
The centaur hits you with a +0 dagger of draining.
You feel drained.
You hit the centaur.
The centaur is lightly wounded.
The centaur hits you with a +0 dagger of draining.
You feel drained.
The centaur hits you with a +0 dagger of draining.
* * * LOW HITPOINT WARNING * * *
You feel drained.
* * * LOW HITPOINT WARNING * * *
You hit the centaur but do no damage.
The centaur is lightly wounded.
The centaur hits you with a +0 dagger of draining!
You die...

##........ ....>......
........... ....#.!#...
....$.......
.............
###.............
##.....#..........
#######...##...........<
.........###.#..........
.....##@###..#.........#
.......c#.........###..#
........................
.............##.........
.............##.#.......
............<...#.(.....
.....#.......####.......
....##.......# #......(
#### #.......# #.......
#.......# #.......
#.......# #.......


You could see a centaur.

Vanquished Creatures
  A dart slug (D:1)
  2 bats
  A giant cockroach (D:1)
  5 goblins (D:1)
  4 hobgoblins (D:1)
  4 jackals (D:1)
  A frilled lizard (D:1)
  A kobold (D:2)
19 creatures vanquished.

Notes
Turn   | Place    | Note
-------+----------+-------------------------------------------
     0 | D:1      | bli the Merfolk Monk began the quest for the Orb.
     0 | D:1      | Reached XP level 1. HP: 18/18 MP: 1/1
   140 | D:1      | Reached XP level 2. HP: 20/24 MP: 2/2
   705 | D:1      | Reached XP level 3. HP: 30/30 MP: 3/3
  1049 | D:2      | Noticed a centaur
  1053 | D:2      | Slain by a centaur

Vault maps used:
D:1:      dpeg_arrival_boxorama, minmay_misc_feat_more_columns
D:2:      first_ration

Action                   || total
-------------------------++-------
Melee: Falchion          ||    70
 Stab: Sleeping          ||     1
Armor: Robe              ||     6
Dodge: Dodged            ||    45
       Rpst.: Falchion   ||    12

Table legend:
 A = Non-vault XP
 B = Vault XP
 C = Vault XP percentage of total XP
 D = Non-vault monster count
 E = Vault monster count
 F = Vault count percentage of total count
                 A         B        C        D         E       F
            +---------+---------+-------+---------+---------+-------
      Total |      38 |       0 |   0.0 |      19 |       0 |   0.0
            +---------+---------+-------+---------+---------+-------
        D:1 |      35 |       0 |   0.0 |      17 |       0 |   0.0
        D:2 |       3 |       0 |   0.0 |       2 |       0 |   0.0
            +---------+---------+-------+---------+---------+-------
